 Dungeon Crawl Stone Soup version 0.28.0-1-gb440e238dd (webtiles) character file.

Game seed: 9336998415644622796

107587 Zonian the Fighter (level 16, -3/172 (189) HPs)
             Began as a Demonspawn Ice Elementalist on Feb 26, 2022.
             Was an Initiate of Yredelemnul.
             Slain by a pharaoh ant (28 damage)
             ... on level 1 of the Spider Nest on Feb 27, 2022.
             The game lasted 03:08:27 (36579 turns).

Zonian the Fighter (Demonspawn Ice Elementalist)   Turns: 36579, Time: 03:08:28

HP:   -3/172 (189)  AC: 14    Str: 14    XL:     16   Next: 0%
MP:   0/39          EV: 14    Int: 20    God:    Yredelemnul [......]
Gold: 1088          SH:  8    Dex: 17    Spells: 5/35 levels left

rFire   . . .      SeeInvis .   Q - +3 rapier (vorpal)
rCold   . . .      Faith    .   b - +3 buckler
rNeg    . . .      Spirit   +   r - +3 leather armour {rPois}
rPois   +          Reflect  .   (helmet unavailable)
rElec   .          Harm     .   l - +1 cloak
rCorr   .          Rampage  .   B - +2 pair of gloves
Will    +....                   W - +0 pair of boots
Stlth   ..........              N - amulet "Pydghiub" {Regen+ Str+4}
HPRegen 1.18/turn               O - ring of magical power
MPRegen 0.52/turn               g - ring of wizardry

@: berserking, studying Fighting, drained, very quick
A: horns 3, foul stench 2, magic shield, magic regeneration, sharp scales 2
a: Renounce Religion, Recall Undead Harvest


You were on level 1 of the Spider Nest.
You worshipped Yredelemnul.
Yredelemnul was aware of your devotion.
You visited 4 branches of the dungeon, and saw 25 of its levels.

You collected 2448 gold pieces.
You spent 1360 gold pieces at shops.

Inventory:

Hand Weapons
 d - a +0 hunting sling
 h - a +3 dagger of pain
 u - a +0 falchion of electrocution
 w - a +2 dagger of draining
 F - a +2 scimitar of flaming
 M - the +4 hand axe of Slow Death {freeze, *Noise rF+ Str+5}
   (You found it on level 4 of the Lair of Beasts)

   It freezes those it strikes, dealing additional cold damage.
   It can also slow down cold-blooded creatures.
   Str:       It affects your strength (+5).
   rF:        It protects you from fire.
   *Noise:    It may make noises in combat.
 Q - a +3 vorpal rapier (weapon)
Missiles
 y - 68 sling bullets
 z - 14 curare-tipped darts
Armour
 b - a +3 buckler (worn)
 l - a +1 cloak (worn)
 r - a +3 leather armour of poison resistance (worn)
 t - +2 steam dragon scales
 B - a +2 pair of gloves (worn)
 P - the +1 chain mail "Ukeqipt" {Rampage Drain rPois Str+2}
   (You found it on level 9 of the Dungeon)

   Str:       It affects your strength (+2).
   rPois:     It protects you from poison.
   Drain:     It drains your maximum health when unequipped.
   Rampage:   It bestows one free step when moving towards enemies.
 W - a +0 pair of boots (worn)
Jewellery
 f - a ring of see invisible
 g - a ring of wizardry (right hand)
 n - a ring of ice
 v - a ring of ice
 C - a ring of willpower
 G - a ring of willpower
 N - the amulet "Pydghiub" (around neck) {Regen+ Str+4}
   (You acquired it on level 4 of the Lair of Beasts)

   [amulet of regeneration]

   Str:       It affects your strength (+4).
   Regen:     It increases your rate of health regeneration.
 O - a ring of magical power (left hand)
 V - a ring of resist corrosion
 Y - an amulet of regeneration
Wands
 o - a wand of polymorph (12)
 q - a wand of flame (22)
 x - a wand of paralysis (10)
 Z - a wand of iceblast (1)
Scrolls
 e - 7 scrolls of magic mapping
 j - 5 scrolls of teleportation
 s - a scroll of blinking
 E - 5 scrolls of identify
Potions
 c - 8 potions of mutation
 i - a potion of cancellation
 k - 9 potions of curing
 m - 3 potions of flight
 p - a potion of resistance
 D - 3 potions of invisibility
 H - 2 potions of heal wounds
 I - 4 potions of brilliance
 J - a potion of lignification
 L - 4 potions of attraction
 R - 2 potions of might
Miscellaneous
 U - a phantom mirror


   Skills:
 + Level 11.5 Fighting
 + Level 8.2 Short Blades
 - Level 3.0 Armour
 - Level 6.0 Dodging
 + Level 8.1 Stealth
 + Level 3.7 Shields
 - Level 10.0 Spellcasting
 - Level 10.0 Conjurations
 - Level 3.0 Necromancy
 - Level 3.0 Translocations
 - Level 5.0 Transmutations
 + Level 9.4 Ice Magic
 - Level 10.0 Air Magic
 - Level 5.0 Earth Magic
 - Level 10.8 Invocations


You had 5 spell levels left.
You knew the following spells:

 Your Spells              Type           Power      Damage    Failure   Level
a - Freeze                Ice            100%       1d11      1%          1
b - Frozen Ramparts       Ice            94%        1d11      1%          3
c - Blink                 Tloc           44%        N/A       1%          2
d - Ozocubu's Armour      Ice            47%        N/A       1%          3
e - Beastly Appendage     Tmut           60%        N/A       1%          1
f - Swiftness             Air            50%        N/A       1%          3
g - Wereblood             Tmut           30%        N/A       1%          2
h - Stone Arrow           Conj/Erth      80%        3d12      1%          3
i - Ensorcelled Hibernat  Hex/Ice        56%        N/A       1%          2
j - Freezing Cloud        Conj/Ice/Air   24%        6-21      2%          5
k - Lightning Bolt        Conj/Air       25%        1d41      1%          5

Your spell library contained the following spells:

 Spells                   Type           Power      Damage    Failure   Level
 Sandblast                Erth           60%        2d14      1%          1
 Passwall                 Tmut/Erth      25%        N/A       1%          2
 Static Discharge         Conj/Air       50%        N/A       1%          2
 Hailstorm                Conj/Ice       48%        3d11      1%          4
 Ice Form                 Ice/Tmut       38%        N/A       2%          4
 Summon Small Mammal      Summ           40%        N/A       4%          1
 Gell's Gravitas          Tloc           22%        N/A       4%          3
 Lesser Beckoning         Tloc           22%        N/A       4%          3
 Spider Form              Tmut/Pois      20%        N/A       4%          3
 Teleport Other           Tloc           22%        N/A       4%          3
 Portal Projectile        Hex/Tloc       32%        N/A       8%          3
 Call Canine Familiar     Summ           10%        N/A       13%         3
 Confusing Touch          Hex            10%        N/A       13%         3
 Summon Guardian Golem    Hex/Summ       10%        N/A       13%         3
 Leda's Liquefaction      Hex/Erth       10%        N/A       16%         4
 Manifold Assault         Tloc           22%        N/A       32%         5
 Yara's Violent Unravell  Hex/Tmut       10%        3d6       38%         5
 Simulacrum               Ice/Necr       17%        N/A       45%         6
 Orb of Destruction       Conj           25%        9d9       50%         7
 Storm Form               Tmut/Air       20%        N/A       83%         7
 Dispersal                Tloc           11%        N/A       86%         6
 Spellforged Servitor     Conj/Summ      15%        N/A       99%         7
 Maxwell's Capacitive Co  Air            25%        ∞         99%         8
 Enfeeble                 Hex            5%         N/A       100%        7
 Polar Vortex             Ice            23%        N/A       100%        9


Dungeon Overview and Level Annotations

Branches:
Dungeon (15/15)            Temple (0/1) D:7            Lair (6/6) D:8
  Swamp (0/4) Lair:3       Spider (2/4) Lair:4        Slime (0/5) Lair:6
    Orc (2/2) D:12            Elf (0/3) Orc:2        Vaults (0/5) D:13
 Depths (0/4) D:15

Altars:
Ashenzari
Cheibriados
Elyvilon
Fedhas
Hepliaklqana
Nemelex Xobeh
Okawaru
Qazlal
Ru
Trog
Wu Jian
Xom
Yredelemnul
Zin
The Shining One
Lugonu

Shops:
D:12 (   D:14 ::   Orc:1 (*   Orc:2 :?((

Portals:
Abyss: Lair:6

Annotations:
D:3 Sigmund
D:6 Grinder
D:14 Agnes, Roxanne
Lair:6 exclusion: oklob plant


Innate Abilities, Weirdness & Mutations

You have a pair of large horns on your head.
You sometimes emit foul miasma when damaged in melee.
When hurt, damage is shared between your health and your magic reserves.
You regenerate magic rapidly.
You are mostly covered in razor-sharp scales. (AC +2, Slay +2)


Message History

The pharaoh ant is lightly damaged.
The pharaoh ant closely misses you. The wolf spider misses you.
The wolf spider bites you!
Unknown command.
Okay, then.
Okay, then.
Cast which spell? (? or * to list)
You blink.
The wolf spider hits you but does no damage.
You block the wolf spider's attack. The wolf spider hits you!
* * * LOW HITPOINT WARNING * * *
The wolf spider bites you.
* * * LOW HITPOINT WARNING * * *
Casting: Blink (safe; 1% risk of failure)
Confirm with . or Enter, or press ? or * to list all spells.
You are still too unstable to blink.
Unknown command.
Okay, then.
Okay, then.
As you read the scroll of fear, it crumbles to dust.
You assume a fearsome visage.
The wolf spider looks frightened!
The pharaoh ant is unaffected.
The pharaoh ant closely misses you.
You feel much better. The pharaoh ant barely misses you.
The pharaoh ant bites you!
You feel drained.
You hit the pharaoh ant. Your headbutt misses the pharaoh ant.
The pharaoh ant is lightly damaged.
You block the pharaoh ant's attack.
You hit the pharaoh ant but do no damage.
You headbutt the pharaoh ant.
The pharaoh ant is lightly damaged.
The pharaoh ant bites you!!
* * * LOW HITPOINT WARNING * * *
You feel drained.
* * * LOW HITPOINT WARNING * * *
A red film seems to cover your vision as you go berserk!
You feel yourself moving faster!
You feel mighty!
You feel stable enough to blink again. The pharaoh ant bites you!!
You die...
Your body rises from the dead as a mindless zombie.

##.Z#####.......###....##
#..##^####s.............##
#..#...##..........##....#
#....#.#....^...........##
##...^..#..............###
#......##.............^.####
##....##.....#>..........#Z## #
..........ZZ##..B......#....#####
...##.....Z#####@#..####......##Z
...........#..>###.............#Z
...........#....##...............
...........##....##..............
.....###..^.......#..............
.......####..#....##.............
.#.....##.###......#...^.........
.......#....#......##.^#.........
......##.........................


You could see a wolf spider (fleeing) and a pharaoh ant.

Vanquished Creatures
  A dire elephant (D:15)
  A spark wasp (Lair:4)
  A deep elf death mage (D:15)
  2 vault guards (D:13)
  5 boulder beetles
  8 hydras
  Fannar (Lair:1)
  3 centaur warriors (D:14)
  A two-headed ogre (D:9)
  A jorogumo (Spider:1)
  3 orc high priests (Orc:2)
  4 tengu warriors
  2 thrashing horrors (Lair:6)
  Sonja (Orc:1)
  2 deep elf knights (D:15)
  A spriggan rider (Lair:4)
  A skeletal warrior (D:15)
  An orb spider (Spider:1)
  5 orc knights
  A wizard (D:15)
  2 deep elf zephyrmancers (D:15)
  2 wolf spiders (Lair:4)
  15 ugly things
  5 cyclopes
  4 orc sorcerers
  4 manticores
  An oklob plant (Lair:3)
  A salamander (D:15)
  7 black mambas
  4 elephants (Lair:6)
  A water nymph (shapeshifter) (D:14)
  7 komodo dragons
  3 rime drakes
  10 cane toads
  A freezing wraith (D:15)
  A tengu conjurer (D:14)
  A tyrant leech (Spider:1)
  A wind drake (shapeshifter) (D:15)
  A merfolk (D:15)
  A troll (Orc:2)
  A polar bear (Lair:3)
  3 tarantellas (Spider:1)
  5 slime creatures (D:15)
  11 blink frogs
  A hornet (D:10)
  A tarantella zombie (Spider:1)
  4 dream sheep (Lair:5)
  2 culicivoras (Spider:1)
  3 jumping spiders
  2 ynoxinuls (Lair:6)
  39 yaks
  A spriggan (Lair:6)
  7 wyverns
  A wraith (D:12)
  A shadow (D:12)
  4 basilisks
  4 humans (D:13)
  A chaos spawn (Lair:6)
  3 redbacks
  A steam dragon (D:6)
  A swamp worm (Lair:3)
  4 wargs (Orc:1)
  5 water moccasins
  4 small abominations (Lair:6)
  22 orc warriors
  A sky beast (D:7)
  2 hornet zombies (D:9)
  15 ogres
  3 black bears
  24 wolves
  7 centaurs
  8 bullfrogs
  A kobold brigand (D:8)
  2 scorpions
  4 gnoll sergeants
  A wyvern skeleton (D:5)
  A warg zombie (Orc:1)
  3 killer bees (D:9)
  3 wights (D:10)
  2 howler monkeys
  3 centaur zombies
  2 jellies (D:5)
  8 orc priests
  2 gnoll shamans
  5 hounds
  A bullfrog skeleton (D:6)
  3 centaur skeletons
  Jessica (D:2)
  2 iguanas
  19 orc wizards
  A scorpion zombie (D:5)
  A killer bee zombie (D:9)
  2 hound skeletons (D:5)
  2 howler monkey zombies
  6 adders
  15 gnolls
  A howler monkey skeleton (D:6)
  3 white imps
  An ufetubus (D:6)
  2 adder skeletons (D:4)
  2 worms
  A dart slug (D:4)
  49 orcs
  4 bats
  5 endoplasms
  6 giant cockroaches
  9 goblins
  7 hobgoblins
  2 jackals (D:1)
  5 quokkas
  5 ball pythons
  5 frilled lizards
  10 kobolds
  6 orc zombies
  5 rats
526 creatures vanquished.

Vanquished Creatures (collateral kills)
  A jorogumo (Spider:1)
  10 hydras
  A two-headed ogre (D:11)
  A thrashing horror (Lair:6)
  Nergalle (Lair:2)
  An orb spider (Spider:1)
  3 orc knights (Orc:2)
  A wolf spider (Spider:1)
  2 ugly things
  An orc sorcerer (Orc:2)
  An oklob plant (Lair:3)
  A large abomination (Lair:6)
  A black mamba (Lair:3)
  A smoke demon (Lair:6)
  6 cane toads
  A rime drake (Lair:5)
  3 komodo dragons
  2 ancient zymes (Lair:6)
  2 demonic crawlers (Spider:1)
  A troll (shapeshifter) (Lair:6)
  A polar bear (Lair:1)
  2 trolls (Orc:2)
  A tarantella (Spider:1)
  15 blink frogs
  2 dream sheep (Lair:5)
  2 jumping spiders (Spider:1)
  3 wyverns
  A spriggan (Lair:6)
  A ynoxinul (Lair:6)
  29 yaks
  3 culicivoras (Spider:1)
  4 humans (D:13)
  3 basilisks
  A steam dragon (D:9)
  2 redbacks (Spider:1)
  A swamp worm (Lair:3)
  4 orc warriors (Orc:2)
  6 water moccasins
  A black bear (Lair:1)
  2 ogres (Orc:1)
  16 wolves
  3 centaurs (D:14)
  2 bullfrogs
  2 wights (D:10)
  2 howler monkeys (D:9)
  4 small abominations (Lair:6)
  2 orc wizards
  4 gnolls
  A howler monkey skeleton (D:7)
  5 orcs
166 creatures vanquished.

Vanquished Creatures (others)
  6 ugly thing zombies
  2 spectral slime creatures (D:15)
  3 centaur zombies (D:14)
  A dire elephant zombie (D:15)
  An orb spider zombie (Spider:1)
  A tengu conjurer (D:13)
  A hydra zombie (Lair:6)
  3 black mamba zombies
  A human (D:13)
  A wind drake zombie (D:15)
  3 cane toad zombies
  A spectral smoke demon (Lair:6)
  2 dream sheep zombies (Lair:5)
  2 elf zombies (D:15)
  6 blink frog zombies
  A spectral chaos spawn (Lair:6)
  2 rime drake zombies (Lair:3)
  A salamander zombie (D:15)
  2 komodo dragon zombies
  3 wyvern zombies
  5 water moccasin zombies
  2 warg zombies (Orc:1)
  11 yak zombies
  A troll zombie (Orc:2)
  4 tengu zombies
  8 wolf zombies
  4 human zombies
  4 bullfrog zombies
  An orc priest (Orc:2)
  3 basilisk zombies
  3 ogre zombies
  6 gnoll zombies
  A kobold zombie (D:8)
  30 orc zombies
  77 fungi
  108 plants
311 creatures vanquished.

Grand Total: 1003 creatures vanquished

Notes
Turn   | Place    | Note
-------+----------+-------------------------------------------
     0 | D:1      | Zonian the Demonspawn Ice Elementalist began the quest for
                  | the Orb.
     0 | D:1      | Reached XP level 1. HP: 13/13 MP: 3/3
   334 | D:1      | Gained mutation: You regenerate magic rapidly. [demonic
                  | ancestry]
   334 | D:1      | Reached XP level 2. HP: 15/19 MP: 3/5
  1238 | D:2      | Reached XP level 3. HP: 24/24 MP: 2/6
  1526 | D:2      | Noticed Jessica
  1539 | D:2      | Killed Jessica
  1748 | D:2      | Learned a level 2 spell: Blink
  2274 | D:3      | Gained mutation: You may rarely emit foul miasma when
                  | damaged in melee. [demonic ancestry]
  2274 | D:3      | Reached XP level 4. HP: 30/30 MP: 8/8
  2741 | D:3      | Noticed Sigmund
  2838 | D:3      | Found a hazy altar of Hepliaklqana.
  3043 | D:4      | Found a sparkling altar of Nemelex Xobeh.
  3044 | D:4      | Found a stormy altar of Qazlal.
  3490 | D:4      | Noticed a black bear
  3838 | D:4      | Found a bloodstained altar of Trog.
  3851 | D:4      | Noticed a scorpion
  3858 | D:4      | Reached skill level 1 in Necromancy
  3859 | D:4      | Gained mutation: You sometimes emit foul miasma when
                  | damaged in melee. [demonic ancestry]
  3859 | D:4      | Reached XP level 5. HP: 27/35 MP: 4/9
  3862 | D:4      | Reached skill level 1 in Translocations
  3987 | D:4      | Noticed a black bear
  4118 | D:4      | Learned a level 3 spell: Frozen Ramparts
  4122 | D:4      | Learned a level 3 spell: Ozocubu's Armour
  4124 | D:4      | Learned a level 1 spell: Beastly Appendage
  4149 | D:4      | Killed a black bear
  4150 | D:4      | Reached XP level 6. HP: 13/41 MP: 8/10
  5035 | D:4      | Found an ornate altar of the Wu Jian Council.
  5174 | D:4      | Noticed an orc warrior
  5177 | D:4      | Killed an orc warrior
  5376 | D:5      | Entered Level 5 of the Dungeon
  5490 | D:5      | Gained mutation: You have a pair of small horns on your
                  | head. [demonic ancestry]
  5490 | D:5      | Reached XP level 7. HP: 39/46 MP: 8/11
  5536 | D:5      | Reached skill level 5 in Ice Magic
  6065 | D:5      | Found an iron altar of Okawaru.
  6077 | D:5      | Reached skill level 1 in Fighting
  6594 | D:5      | Reached skill level 2 in Fighting
  6849 | D:5      | Learned a level 3 spell: Swiftness
  7453 | D:5      | Reached skill level 1 in Air Magic
  7990 | D:6      | Gained mutation: When hurt, damage is shared between your
                  | health and your magic reserves. [demonic ancestry]
  7990 | D:6      | Reached XP level 8. HP: 28/57 MP: 13/13
  8496 | D:6      | Noticed Grinder
  9157 | D:6      | Reached skill level 3 in Fighting
 10252 | D:6      | Found a basalt altar of Yredelemnul.
 10257 | D:6      | Became a worshipper of Yredelemnul the Dark
 10557 | D:7      | Reached * piety under Yredelemnul
 10607 | D:7      | Reached skill level 1 in Armour
 10712 | D:7      | Found a staircase to the Ecumenical Temple.
 10750 | D:7      | Reached skill level 1 in Invocations
 11714 | D:8      | Reached skill level 5 in Stealth
 11860 | D:8      | Reached skill level 4 in Fighting
 11860 | D:8      | Reached XP level 9. HP: 20/65 MP: 6/16
 12085 | D:8      | Learned a level 2 spell: Wereblood
 12101 | D:8      | Found a snail-covered altar of Cheibriados.
 12241 | D:8      | Reached skill level 5 in Spellcasting
 12241 | D:8      | Reached skill level 1 in Transmutations
 12351 | D:8      | Reached skill level 5 in Air Magic
 12355 | D:8      | Reached skill level 5 in Fighting
 12355 | D:8      | Reached skill level 5 in Invocations
 12386 | D:8      | Found a staircase to the Lair.
 12567 | D:8      | Reached ** piety under Yredelemnul
 12860 | Lair:1   | Entered Level 1 of the Lair of Beasts
 12860 | Lair:1   | Noticed a komodo dragon
 12868 | Lair:1   | Killed a komodo dragon
 12869 | Lair:1   | Gained mutation: You have a pair of horns on your head.
                  | [demonic ancestry]
 12869 | Lair:1   | Reached XP level 10. HP: 53/74 MP: 9/17
 12976 | Lair:1   | Reached skill level 5 in Transmutations
 13150 | Lair:1   | Noticed Fannar
 13165 | Lair:1   | Killed Fannar
 13165 | Lair:1   | Reached *** piety under Yredelemnul
 13202 | Lair:1   | Noticed a cane toad
 13217 | Lair:1   | Killed a cane toad
 13218 | Lair:1   | Reached skill level 5 in Dodging
 13249 | Lair:1   | Reached **** piety under Yredelemnul
 13260 | Lair:1   | Found a gate leading to a gauntlet.
 13261 | Lair:1   | Noticed a seven-headed hydra
 13266 | Lair:1   | Noticed a cane toad
 13269 | Lair:1   | Killed a seven-headed hydra
 13274 | Lair:1   | Killed a cane toad
 13407 | Lair:1   | HP: 2/74 [yak (9)]
 13409 | Lair:1   | Reached ***** piety under Yredelemnul
 13429 | Lair:1   | Noticed a cane toad
 13440 | Lair:1   | Killed a cane toad
 13803 | Lair:1   | Gained mutation: You are partially covered in razor-sharp
                  | scales. (AC +1, Slay +1) [demonic ancestry]
 13803 | Lair:1   | Reached XP level 11. HP: 68/79 MP: 20/23
 13805 | Lair:1   | Noticed a four-headed hydra
 13812 | Lair:1   | Killed a four-headed hydra
 13817 | Lair:1   | Reached ****** piety under Yredelemnul
 13993 | Lair:1   | Learned a level 3 spell: Stone Arrow
 14629 | Lair:2   | Learned a level 2 spell: Ensorcelled Hibernation
 14716 | Lair:2   | Reached skill level 1 in Conjurations
 14720 | Lair:2   | Reached skill level 1 in Earth Magic
 14730 | Lair:2   | Reached skill level 1 in Short Blades
 14790 | Lair:2   | Noticed an eight-headed hydra
 14804 | Lair:2   | Killed an eight-headed hydra
 15327 | Lair:2   | Noticed Nergalle
 15338 | Lair:2   | Killed Nergalle
 15339 | Lair:2   | Reached skill level 6 in Fighting
 15997 | Lair:3   | Noticed a six-headed hydra
 16211 | Lair:3   | Gained mutation: You are mostly covered in razor-sharp
                  | scales. (AC +2, Slay +2) [demonic ancestry]
 16211 | Lair:3   | Reached XP level 12. HP: 76/89 MP: 13/25
 16601 | Lair:3   | Noticed a six-headed hydra
 16624 | Lair:3   | Killed a six-headed hydra
 16798 | Lair:3   | Noticed an eight-headed hydra
 16895 | Lair:3   | Killed a six-headed hydra
 16896 | Lair:3   | Reached skill level 10 in Spellcasting
 17034 | Lair:3   | Learned a level 5 spell: Freezing Cloud
 17082 | Lair:3   | Noticed an eight-headed hydra
 17088 | Lair:3   | Killed an eight-headed hydra
 17164 | Lair:3   | Found a blossoming altar of Fedhas.
 17171 | Lair:3   | Reached skill level 7 in Fighting
 17322 | Lair:3   | Noticed an eight-headed hydra
 17332 | Lair:3   | Killed an eight-headed hydra
 17440 | Lair:3   | Killed an eight-headed hydra
 17581 | Lair:3   | Reached skill level 5 in Conjurations
 17655 | Lair:3   | Found a staircase to the Swamp.
 17790 | Lair:4   | Identified the +4 hand axe of Slow Death {freeze, *Noise
                  | rF+ Str+5}
 17803 | Lair:4   | Identified a scroll of acquirement
 17803 | Lair:4   | Acquired the amulet "Pydghiub" {Regen+ Str+4}
 17909 | Lair:4   | Reached skill level 5 in Short Blades
 17912 | Lair:4   | Reached skill level 5 in Earth Magic
 18138 | Lair:4   | Noticed a five-headed hydra
 18147 | Lair:4   | Killed a five-headed hydra
 18228 | Lair:4   | Found a hole to the Spider Nest.
 18272 | Lair:4   | Learned a level 5 spell: Lightning Bolt
 18736 | Lair:5   | Reached XP level 13. HP: 84/98 MP: 25/27
 18772 | Lair:5   | Reached skill level 8 in Fighting
 19602 | Lair:6   | Entered Level 6 of the Lair of Beasts
 19778 | Lair:6   | Found a shimmering altar of Xom.
 20182 | Lair:6   | Reached skill level 10 in Invocations
 20321 | Lair:6   | Found a staircase to the Slime Pits.
 20824 | Lair:6   | Reached XP level 14. HP: 97/105 MP: 13/28
 21280 | Lair:6   | Found a corrupted altar of Lugonu.
 21280 | Lair:6   | Found a one-way gate to the infinite horrors of the Abyss.
 22021 | D:9      | Found a sacrificial altar of Ru.
 22386 | D:9      | Identified the +1 chain mail "Ukeqipt" {Rampage Drain rPois
                  | Str+2}
 22667 | D:9      | Found a broken altar of Ashenzari.
 22923 | D:10     | Entered Level 10 of the Dungeon
 24619 | D:12     | Found Atarphapre's Weapon Emporium.
 24621 | D:12     | Found a staircase to the Orcish Mines.
 26467 | D:13     | Identified the +7 plate armour of Shadows and Fog {rCorr
                  | Int+2 Slay-4}
 26584 | D:13     | Reached skill level 9 in Fighting
 27431 | D:13     | Found a gate to the Vaults.
 27522 | D:14     | You fall into a shaft and drop 1 floor!
 27522 | D:15     | Entered Level 15 of the Dungeon
 28193 | D:15     | Gained mutation: You have a pair of large horns on your
                  | head. [demonic ancestry]
 28193 | D:15     | Reached XP level 15. HP: 113/113 MP: 19/29
 28357 | D:15     | Reached skill level 10 in Conjurations
 28451 | D:15     | Reached skill level 10 in Air Magic
 28643 | D:15     | Found a staircase to the Depths.
 30384 | D:14     | Noticed Roxanne
 30456 | D:14     | Found Teq Ceh's Self-Improvement Boutique.
 30466 | D:14     | Bought a manual of Fighting for 1360 gold pieces
 30494 | D:14     | Noticed Agnes
 30957 | D:14     | Found Dalarhil's Book Shop.
 31735 | D:14     | Reached skill level 10 in Fighting
 32307 | D:14     | Reached skill level 1 in Shields
 32444 | Orc:1    | Entered Level 1 of the Orcish Mines
 32476 | Orc:1    | Noticed Sonja
 32495 | Orc:1    | Killed Sonja
 32654 | Orc:2    | Entered Level 2 of the Orcish Mines
 33558 | Orc:2    | Found Nauca's Weapon Boutique.
 33558 | Orc:2    | Found Ariborur's Book Shoppe.
 33560 | Orc:2    | Found Meybugi's Antique Weapon Boutique.
 33560 | Orc:2    | Found Seniclel's Magic Scroll Shoppe.
 33684 | Orc:2    | Found a staircase to the Elven Halls.
 34102 | Orc:1    | Reached skill level 11 in Fighting
 34197 | Orc:1    | Found Gyarphira's General Store.
 34346 | Orc:1    | Found Poumuzef's Firing Range.
 35156 | Spider:1 | Entered Level 1 of the Spider Nest
 35876 | Spider:1 | Paralysed by a jorogumo for 3 turns
 36542 | Spider:1 | Reached XP level 16. HP: 101/126 MP: 30/30
 36579 | Spider:1 | Slain by a pharaoh ant

Illustrated notes

Levels and vault maps discovered:
D:1:      beargit_arrival_greenhouse, layout_basic, serial_forest,
          infiniplex_forest_straight_2, infiniplex_forest_lined_2,
          infiniplex_forest_corner_1, infiniplex_forest_clump_diagonal,
          infiniplex_forest_corner_1, infiniplex_forest_lined_corner,
          infiniplex_forest_clump_double, nicolae_figureground_sparkle
D:2:      layout_loops_ring, uniq_jessica
D:3:      layout_loops_ring, worldfamousw_hep_ancestral_shrine, uniq_sigmund
D:4:      layout_loops_corners, mainiacjoe_overflow_alcove_2,
          trog_ov_bears_minmay, nicolae_overflow_squiral,
          gammafunk_temple_overflow_wave
D:5:      layout_basic, okawaru_ov_weapons_minmay
D:6:      layout_basic, mainiacjoe_overflow_alcove_4, minmay_starry_boxes,
          uniq_grinder
D:7:      layout_cave_pods, minmay_temple_entry_tees
D:8:      layout_loops_ring, slow_altar_2, minmay_lair_entry_grove
D:9:      layout_stronghold, kennysheep_mini_moat, nicolae_ru_path_of_blood
D:10:     layout_rooms
D:11:     layout_basic, tso_oasis_becter
D:12:     layout_cave_pods, orc_david_3, st_stairs_7
D:13:     layout_long_grid, ximxim_vaults_locker_room,
          chequers_serial_rivers_room_b, nicolae_elevator_lobby_asterisk
D:14:     layout_cave_pods, serial_shops, shop, grunt_ministairs_1,
          nicolae_shop_self_help, uniq_roxanne, uniq_agnes
D:15:     hangedman_depths_entry_try_elsewhere_first, layout_basic
Lair:1:   layout_regular_city, basic_altar, gauntlet_entry_generic,
          grunt_megastairs_3, uniq_fannar
Lair:2:   layout_gridlike, lemuel_fruit_tree, uniq_nergalle
Lair:3:   layout_long_grid, palyth_hydra_swamp_entry, hangedman_tree_tricks,
          grunt_megastairs_5
Lair:4:   layout_regular_city, dummy_spider_entry, grunt_forest_large_clearings,
          infiniplex_staircase_pool_2
Lair:5:   layout_gridlike, grunt_megastairs_4
Lair:6:   hellmonk_lair_end_abyssal_woods, layout_hall_layers,
          minmay_slime_entry_oklob_open, basic_altar
Spider:1: layout_spider_delve
Spider:2: layout_spider_delve, hangedman_stitches_earthworm
Orc:1:    lemuel_ogre_cave, layout_diamond_mine, serial_shops,
          nicolae_shop_hallway_plus, nicolae_shop_firing_range, uniq_sonja
Orc:2:    grunt_orc_tribal_feast, layout_caves

Skill      XL: |  1  2  3  4  5  6  7  8  9 10 11 12 13 14 15 |
---------------+----------------------------------------------+-----
Stealth        | 2 3 4 5 8 |  8.1
Dodging        | 2 3 6 |  6.0
Ice Magic      | 4 5 6 8 9 |  9.4
Spellcasting   | 3 4 5 8 9 10 | 10.0
Necromancy     | 1 2 3 |  3.0
Translocations | 1 2 3 |  3.0
Fighting       | 2 4 5 6 7 8 9 11 | 11.5
Air Magic      | 1 4 5 6 8 9 10 | 10.0
Armour         | 1 3 |  3.0
Invocations    | 2 5 7 10 | 10.8
Transmutations | 4 5 |  5.0
Conjurations   | 3 5 7 9 10 | 10.0
Earth Magic    | 3 5 |  5.0
Short Blades   | 3 5 6 8 |  8.2
Shields        | 3 |  3.7

Action                   |  1- 3 |  4- 6 |  7- 9 | 10-12 | 13-15 | 16-18 || total
-------------------------+-------+-------+-------+-------+-------+-------++-------
Melee: Dagger            |    47 |   117 |   303 |   318 |   334 |       ||  1119
       Punch             |       |     3 |     5 |     5 |    11 |       ||    24
       Headbutt          |       |       |    72 |    71 |   273 |     2 ||   418
       Kick              |       |       |     1 |     4 |     6 |       ||    11
       Hand axe          |       |       |       |    12 |       |       ||    12
       Rapier            |       |       |       |       |   605 |     5 ||   610
 Cast: Freeze            |    43 |    28 |     5 |       |       |       ||    76
       Blink             |       |     1 |       |     2 |     7 |     1 ||    11
       Frozen Ramparts   |       |     4 |    21 |    14 |    36 |       ||    75
       Beastly Appendage |       |       |     1 |     2 |     3 |       ||     6
       Ozocubu's Armour  |       |       |     1 |     1 |     3 |       ||     5
       Stone Arrow       |       |       |       |    17 |   180 |       ||   197
       Freezing Cloud    |       |       |       |     2 |    42 |       ||    44
       Lightning Bolt    |       |       |       |       |    45 |       ||    45
       Ensorcelled Hiber |       |       |       |       |     3 |       ||     3
       Swiftness         |       |       |       |       |     1 |       ||     1
Invok: Recall Undead Har |       |       |       |     2 |     1 |       ||     3
       Dark Bargain      |       |       |       |     2 |     1 |       ||     3
Evoke: Wand              |       |     3 |     3 |    15 |    11 |       ||    32
       Phantom mirror    |       |       |       |       |     1 |       ||     1
  Use: Scroll            |     1 |     4 |     6 |     8 |    19 |     1 ||    39
       Potion            |       |       |       |     7 |     8 |     2 ||    17
 Stab: Sleeping          |     3 |     7 |     2 |     6 |     9 |       ||    27
       Invisible         |       |       |       |     3 |       |       ||     3
       Distracted        |       |       |       |     5 |    13 |       ||    18
Armor: Robe              |    18 |    26 |    44 |       |       |       ||    88
       Steam dragon scal |       |       |    57 |   104 |   364 |       ||   525
       Leather armour    |       |       |     3 |       |    43 |     4 ||    50
Dodge: Dodged            |    55 |    76 |   206 |   231 |   688 |     9 ||  1265
Block: Buckler           |       |       |       |       |   119 |     6 ||   125
